 Dungeon Crawl Stone Soup version 0.22.1-1-ga44c0e5 (webtiles) character file.

3258 brandon the Cleaver (level 10, -1/90 HPs)
             Began as a Hill Orc Fighter on Oct 4, 2018.
             Was a Follower of the Shining One.
             Killed by the air
             ... invoked by Gastronok
              (10 damage)
             ... on level 8 of the Dungeon.
             The game lasted 00:16:12 (9219 turns).

brandon the Cleaver (Hill Orc Fighter)              Turns: 9219, Time: 00:16:13

Health: -1/90      AC: 14    Str: 20    XL:     10   Next: 0%
Magic:  14/14      EV:  6    Int:  8    God:    the Shining One [*.....]
Gold:   208        SH:  0    Dex: 13    Spells: 9/9 levels left

rFire    . . .     SeeInvis .   a - +0 war axe
rCold    . . .     Gourm    .   (no shield)
rNeg     . . .     Faith    .   o - +0 plate armour
rPois    .         Spirit   .   (no helmet)
rElec    .         Reflect  .   (no cloak)
rCorr    .         Harm     .   i - +0 pair of gloves
MR       .....                  (no boots)
Stlth    ..........             (no amulet)
HPRegen  0.25/turn              (no ring)
MPRegen  0.14/turn              (no ring)

@: slowed, glowing, very slow
A: no striking features
a: Renounce Religion


You were on level 8 of the Dungeon.
You worshipped the Shining One.
The Shining One was aware of your devotion.
You were hungry.

You visited 2 branches of the dungeon, and saw 9 of its levels.

You collected 208 gold pieces.

Inventory:

Hand Weapons
 a - a +0 war axe (weapon)
Armour
 c - a +0 shield
 i - a +0 pair of gloves (worn)
 o - a +0 plate armour (worn)
Jewellery
 w - a +3 ring of intelligence {unknown}
 y - a cursed -3 ring of evasion {unknown}
Wands
 j - a wand of iceblast (8)
 q - a wand of polymorph (18)
 u - a wand of flame (30)
 C - a wand of enslavement (5)
Scrolls
 d - 3 scrolls of enchant armour
 e - a scroll of amnesia
 h - 2 scrolls of remove curse
 k - 3 scrolls of identify
 l - a scroll of random uselessness {unknown}
 m - a scroll of immolation {unknown}
 t - 2 scrolls of blinking {unknown}
 v - 3 scrolls of teleportation {unknown}
 x - a scroll of fog
 z - a scroll of magic mapping {unknown}
 A - a scroll of fear {unknown}
Potions
 b - a potion of mutation {unknown}
 g - a potion of lignification
 n - 4 potions of flight
 p - a potion of heal wounds {unknown}
 r - 3 potions of curing
 s - 2 potions of degeneration {unknown}
 B - a potion of resistance {unknown}
Comestibles
 f - 14 rations


   Skills:
 + Level 8.5 Fighting
 * Level 11.9 Axes
 + Level 7.8 Armour
 - Level 3.3 Shields
 + Level 5.8 Invocations


You had 9 spell levels left.
You didn't know any spells.
Your spell library contained the following spells:

 Spells                   Type           Power        Failure   Level  Hunger
 Beastly Appendage        Tmut           #.....       100%        1    ##.....
 Sticks to Snakes         Tmut           #.......     100%        2    ###....
 Spider Form              Tmut/Pois      #.........   100%        3    ####...
 Ice Form                 Ice/Tmut       #.......     100%        4    #####..
 Blade Hands              Tmut           #.........   100%        5    ######.


Dungeon Overview and Level Annotations

Branches:
Dungeon (8/15)             Temple (1/1) D:5
   Lair: D:8-11

Altars:
Ashenzari
Cheibriados
Dithmenos
Elyvilon
Fedhas
Gozag
Hepliaklqana
Kikubaaqudgha
Makhleb
Nemelex Xobeh
Okawaru
Qazlal
Ru
Sif Muna
Trog
Uskayaw
Vehumet
Wu Jian
Xom
Yredelemnul
Zin
The Shining One

Annotations:
D:2 1 runed door
D:4 Pikel, Sigmund
D:5 Prince Ribbit
D:8 Gastronok


Message History

Gastronok waves his eye-stalks in wide circles.
The air twists around and strikes you!
* * * LOW HITPOINT WARNING * * *
You slash Gastronok!
Gastronok is almost dead.
Gastronok bites you but does no damage.
You hit Gastronok but do no damage.
Gastronok is almost dead.
You hit Gastronok.
Gastronok is almost dead.
Gastronok mumbles some strange words.
You slash Gastronok!
Gastronok is almost dead.
You slash the bat!
You kill the bat!
The bat's corpse disappears in a puff of smoke!
The bat hits you but does no damage.
Gastronok waves his eye-stalks in wide circles.
The air twists around and strikes you!
You die...

#### #.. #.# #.#
#######(# #.......#
##..§bw.(#
#....@(.(#
#.######.#########..
#...W....§........
#.####.####....w..
#.# ......# #.#
....... +.# ......#
### ......# +##.###


You could see Gastronok and a bat.

Vanquished Creatures
  Grinder (D:4)
  The ghost of Folque the Sneak, an amateur OpWz (D:4)
  Edmund (D:5)
  Duvessa (D:5)
  An ice beast (D:6)
  2 sky beasts
  A necrophage (D:6)
  2 black bears
  2 phantoms
  2 ogres
  2 centaurs
  Blork the orc (D:6)
  5 bullfrogs
  Dowan (D:5)
  2 scorpions (D:6)
  2 howler monkeys
  5 crimson imps
  2 orc priests
  4 hounds
  2 iguanas (D:6)
  A bullfrog skeleton (D:3)
  An orc wizard (D:5)
  Ijyb (D:3)
  9 worker ants
  2 hound skeletons
  A worker ant zombie (D:7)
  5 adders
  7 gnolls
  3 oozes (D:2)
  2 adder skeletons
  5 worms
  4 dart slugs
  9 leopard geckos
  22 orcs
  6 giant cockroaches
  4 goblins
  9 hobgoblins
  10 jackals
  7 quokkas
  9 bats
  4 frilled lizards
  6 kobolds
  A quokka skeleton (D:5)
  9 rats
177 creatures vanquished.

Notes
Turn   | Place    | Note
-------+----------+-------------------------------------------
     0 | D:1      | brandon the Hill Orc Fighter began the quest for the Orb.
     0 | D:1      | Reached XP level 1. HP: 19/19 MP: 1/1
   149 | D:1      | Reached XP level 2. HP: 24/27 MP: 2/2
   299 | D:1      | Reached skill level 3 in Axes
   733 | D:2      | Reached XP level 3. HP: 28/33 MP: 3/3
  1058 | D:2      | Reached skill level 4 in Axes
  1214 | D:2      | Reached XP level 4. HP: 40/40 MP: 4/4
  1451 | D:2      | Found a blossoming altar of Fedhas.
  1553 | D:2      | Found a runed door.
  1627 | D:3      | Reached XP level 5. HP: 43/47 MP: 5/5
  1714 | D:3      | Reached skill level 5 in Axes
  1892 | D:3      | Noticed Ijyb
  1906 | D:3      | Killed Ijyb
  2461 | D:3      | Reached skill level 5 in Fighting
  2461 | D:3      | Reached XP level 6. HP: 40/56 MP: 6/6
  2463 | D:3      | Reached skill level 6 in Axes
  2670 | D:4      | Noticed Pikel
  2888 | D:4      | Noticed Grinder
  2904 | D:4      | Killed Grinder
  2904 | D:4      | Reached skill level 7 in Axes
  2904 | D:4      | Reached skill level 5 in Armour
  2904 | D:4      | Reached XP level 7. HP: 23/62 MP: 7/7
  3353 | D:4      | Found a runed door.
  3363 | D:4      | Noticed Folque's ghost (amateur OpWz)
  3392 | D:4      | Killed Folque's ghost
  3392 | D:4      | Reached skill level 8 in Axes
  3484 | D:4      | Noticed Sigmund
  3511 | D:5      | Entered Level 5 of the Dungeon
  3743 | D:5      | Found a staircase to the Ecumenical Temple.
  3757 | Temple   | Entered the Ecumenical Temple
  3885 | Temple   | Became a worshipper of the Shining One
  3970 | D:5      | Reached XP level 8. HP: 54/70 MP: 8/8
  4315 | D:5      | Noticed Edmund
  4343 | D:5      | HP: 3/71 [Edmund/flail of protection (6)]
  4344 | D:5      | HP: 1/71 [Edmund/flail of protection (2)]
  4345 | D:5      | Killed Edmund
  4345 | D:5      | Reached skill level 9 in Axes
  4345 | D:5      | Reached skill level 1 in Invocations
  5767 | D:6      | Noticed Duvessa
  5767 | D:6      | Noticed Dowan
  5787 | D:5      | Killed Duvessa
  5791 | D:5      | Killed Dowan
  5911 | D:6      | Reached skill level 10 in Axes
  5926 | D:6      | Noticed Prince Ribbit
  5926 | D:6      | Reached * piety under the Shining One
  6049 | D:6      | Reached XP level 9. HP: 61/79 MP: 11/11
  6098 | D:6      | Noticed Blork the orc
  6111 | D:6      | Killed Blork the orc
  7433 | D:6      | Reached skill level 11 in Axes
  7764 | D:7      | Reached skill level 5 in Invocations
  8380 | D:7      | Found a stormy altar of Qazlal.
  8761 | D:8      | Noticed Gastronok
  8807 | D:8      | HP: 3/82 [Gastronok/the air (12)]
  9205 | D:8      | Reached XP level 10. HP: 49/90 MP: 14/14
  9219 | D:8      | Killed from afar by Gastronok

Skill      XL: |  1  2  3  4  5  6  7  8  9 |
---------------+----------------------------+-----
Axes           | 3 4 5 7 8 10 11 | 11.9
Fighting       | 4 5 6 7 8 |  8.5
Armour         | 4 5 6 7 |  7.8
Invocations    | 3 5 |  5.8
Shields        | |  3.3

Action                   |  1- 3 |  4- 6 |  7- 9 | 10-12 || total
-------------------------+-------+-------+-------+-------++-------
Melee: War axe           |   101 |   234 |   463 |    14 ||   812
  Use: Potion            |       |     1 |       |       ||     1
       Scroll            |       |       |     6 |       ||     6
  Eat: Chunk             |     1 |     6 |    13 |       ||    20
       Ration            |       |       |     2 |       ||     2
Armor: Scale mail        |    47 |       |       |       ||    47
       Plate armour      |    22 |   236 |   281 |     3 ||   542
Dodge: Dodged            |    63 |    82 |   128 |       ||   273
Block: Shield            |     9 |       |       |       ||     9
